 Dungeon Crawl Stone Soup version 0.32-a0-306-gfed3edf829 (webtiles) character file.

Game seed: 13806917921730698532

118 oldriver the Conjurer (level 4, -1/32 HPs)
             Began as a Demonspawn Conjurer on Feb 15, 2024.
             Incinerated by a bombardier beetle (5 damage)
             ... with a burning spray
             ... on level 3 of the Dungeon.
             The game lasted 00:02:37 (2521 turns).

oldriver the Conjurer (Demonspawn Conjurer)         Turns: 2521, Time: 00:02:37

Health: -1/32      AC:  3    Str:  8    XL:     4   Next: 72%
Magic:  1/8        EV: 12    Int: 20    God:
Gold:   131        SH:  0    Dex: 11    Spells: 2/9 levels left

rFire   . . .        p - +1 short sword (venom)
rCold   . . .        (no shield)
rNeg    . . .        a - +0 robe
rPois   .            (no helmet)
rElec   .            (no cloak)
rCorr   .            (no gloves)
SInv    .            o - +0 pair of boots
Will    .....        (no amulet)
Stlth   +            (no ring)
HPRegen 0.25/turn    (no ring)
MPRegen 0.22/turn

%: no passive effects
@: on fire, very slightly contaminated, glowing
A: magic regeneration, sturdy frame 1
a: no special abilities


You were on level 3 of the Dungeon.
You visited 1 branch of the dungeon, and saw 3 of its levels.

You collected 131 gold pieces.

Inventory:

Hand Weapons
 p - a +1 short sword of venom (weapon)
Missiles
 q - 2 javelins
Armour
 a - a +0 robe (worn)
 o - a +0 pair of boots (worn)
Scrolls
 c - a scroll of amnesia {unknown}
 d - a scroll of vulnerability {unknown}
 g - a scroll of noise {unknown}
 j - a scroll of teleportation {unknown}
 n - a scroll of blinking {unknown}
Potions
 b - a potion of magic
 e - a potion of haste {unknown}
 f - 2 potions of heal wounds {unknown}
 h - 2 potions of curing {unknown}
 i - a potion of lignification {unknown}
 l - 2 potions of might {unknown}
 m - a potion of degeneration {unknown}


   Skills:
 + Level 1.5 Fighting
 + Level 2.5 Dodging
 + Level 2.4 Stealth
 * Level 3.2 Spellcasting
 + Level 4.3 Conjurations


You had 2 spell levels left.
You knew the following spells:

 Your Spells              Type           Power      Damage    Failure   Level
a - Magic Dart            Conj           80%        1d7       2%          1
b - Searing Ray           Conj           40%        2d5       3%          2
c - Fulminant Prism       Conj/Alch      5%         3d7       50%         4

Your spell library contained the following spells:

 Spells                   Type           Power      Damage    Failure   Level
 Freeze                   Ice            12%        1d3       14%         1
 Hailstorm                Conj/Ice       11%        3d6       17%         3
 Frozen Ramparts          Ice            6%         1d1       38%         3
 Iskenderun's Mystic Bla  Conj/Tloc      11%        2d4       50%         4


Dungeon Overview and Level Annotations

Branches:
Dungeon (3/15)

Altars:


Innate Abilities, Weirdness & Mutations

You regenerate magic rapidly.
Your movements are slightly less encumbered by armour. (ER -2)


Message History

The magic dart hits the bombardier beetle.
The bombardier beetle is lightly wounded.
The liquid fire burns you!
You are out of magic!
You are out of magic!
You are out of magic!
You are out of magic!
You are out of magic!
You are out of magic!
You are out of magic!
You are out of magic!
You are out of magic!
You are out of magic!
You are out of magic!
You shake off some of the fire as you move.
The liquid fire burns you!
You barely miss the bombardier beetle.
The bombardier beetle is lightly wounded.
The liquid fire burns you! The bombardier beetle bites you.
You hit the bombardier beetle.
The bombardier beetle is heavily wounded.
The liquid fire burns you!
You hit the bombardier beetle.
The bombardier beetle is almost dead.
The liquid fire burns you!
* * * LOW HITPOINT WARNING * * *
The bombardier beetle sprays incendiary fluid at you.
The burning spray misses you.
Found a gold piece.
You shake off the liquid fire.
The bombardier beetle sprays incendiary fluid at you.
The burning spray hits you.
You are covered in liquid fire!
You shake off some of the fire as you move.
The liquid fire burns you!
* * * LOW HITPOINT WARNING * * *
You shake off some of the fire as you move.
The liquid fire burns you!
You die...

.... .....
........
.......###########
.......##........#
.......##........#
.............#...#
.........###.#.#.#
.........# #.#B#@#
...†.†...# #.#.#.#
##.#.....# #.#.#.#
...#.....# #.#.#..
...#.....# #.#....
#######..#
#.#...$. # ####
#.#..... # .#...#
#


There were no monsters in sight!

Vanquished Creatures
  2 adders
  A dart slug (D:1)
  2 ribbon worms (D:2)
  An orc (D:3)
  5 endoplasms
  2 giant cockroaches (D:3)
  7 goblins
  5 hobgoblins
  3 jackals (D:3)
  A quokka (D:1)
  5 ball pythons
  4 bats
  5 frilled lizards
  4 kobolds
  7 rats
54 creatures vanquished.

Notes
Turn   | Place    | Note
-------+----------+-------------------------------------------
     0 | D:1      | oldriver the Demonspawn Conjurer began the quest for the
                  | Orb.
     0 | D:1      | Reached XP level 1. HP: 13/13 MP: 3/3
   291 | D:1      | Gained mutation: Your movements are slightly less
                  | encumbered by armour. (ER -2) [demonic ancestry]
   291 | D:1      | Reached XP level 2. HP: 20/20 MP: 0/5
  1162 | D:2      | Gained mutation: You regenerate magic rapidly. [demonic
                  | ancestry]
  1162 | D:2      | Reached XP level 3. HP: 25/25 MP: 3/6
  1186 | D:2      | Reached skill level 1 in Fighting
  1258 | D:2      | Learned a level 2 spell: Searing Ray
  1483 | D:2      | Found a faded altar of an unknown god.
  1618 | D:2      | Reached XP level 4. HP: 32/32 MP: 4/8
  2112 | D:3      | Learned a level 4 spell: Fulminant Prism
  2521 | D:3      | Incinerated by a bombardier beetle

Illustrated notes

Levels and vault maps discovered:
D:1:      wander_arrival_peaceful_grave, layout_basic
D:2:      layout_rooms, ebering_ecumenical_altar_rust, minmay_hexomino_f4
D:3:      layout_basic, grunt_gozag_breadcrumbs,
          yredelemnul_forgotten_temple_becter, grunt_ministairs_2

Skill      XL: |  1  2  3  4 |
---------------+-------------+-----
Stealth        | 2 |  2.4
Dodging        | 2 |  2.5
Fighting       | 1 |  1.5
Spellcasting   | 3 |  3.2
Conjurations   | |  4.3

Action                     |  1- 3 |  4- 6 || total
---------------------------+-------+-------++-------
  Melee: Dagger            |     3 |       ||     3
         Short sword       |       |     3 ||     3
   Cast: Magic Dart        |    60 |    53 ||   113
         Searing Ray       |     1 |       ||     1
 Armour: Robe              |     2 |     2 ||     4
  Dodge: Dodged            |    11 |     2 ||    13

Table legend: (Time is in decaauts)
 A = Elapsed time spent in this place.
 B = Non-inter-level travel time spent in this place.
 C = Inter-level travel time spent in this place.
 D = Time resting spent in this place.
 E = Time spent auto-exploring this place.
 F = Levels seen in this place.
 G = Mean time per level.
                   A        B        C        D        E       F      G
               +--------+--------+--------+--------+--------+-----+--------+
         Total |   2521 |   2478 |     43 |    476 |   1710 |   3 |  840.3 |
       Dungeon |   2521 |   2478 |     43 |    476 |   1710 |   3 |  840.3 |
               +--------+--------+--------+--------+--------+-----+--------+

Top non-repeatable levels by time:
     D:1: 1157 daAuts
     D:2: 912 daAuts
     D:3: 451 daAuts
